 Dungeon Crawl Stone Soup version 0.23-a0-143-g1adec7b (webtiles) character file.

66 corax the Twirler (level 3, -1/28 HPs)
             Began as a Demonspawn Gladiator on Sept 1, 2018.
             Slain by a gnoll
             ... wielding a +2 flail of protection
              (8 damage)
             ... on level 2 of the Dungeon.
             The game lasted 00:03:36 (1010 turns).

corax the Twirler (Demonspawn Gladiator)            Turns: 1010, Time: 00:03:36

Health: -1/28      AC:  4    Str: 14    XL:     3   Next: 96%
Magic:  3/3        EV: 13    Int:  9    God:
Gold:   95         SH:  0    Dex: 15    Spells: 2/2 levels left

rFire    . . .     SeeInvis .   a - +0 quarterstaff
rCold    . . .     Gourm    .   (shield currently unavailable)
rNeg     . . .     Faith    .   b - +0 leather armour
rPois    .         Spirit   .   (helmet restricted)
rElec    .         Reflect  .   (no cloak)
rCorr    .         Harm     .   i - +0 pair of gloves
MR       .....                  (no boots)
Stlth    ++........             (no amulet)
HPRegen  0.09/turn              (no ring)
MPRegen  0.08/turn              (no ring)

@: no status effects
A: horns 1, powered by pain 1
a: no special abilities


You were on level 2 of the Dungeon.
You were not hungry.

You visited 1 branch of the dungeon, and saw 2 of its levels.

You collected 95 gold pieces.

Inventory:

Hand Weapons
 a - a +0 quarterstaff (weapon)
Armour
 b - a +0 leather armour (worn)
 i - a +0 pair of gloves (worn)
Scrolls
 c - 4 scrolls of teleportation {unknown}
 h - a scroll of identify {unknown}
 k - a scroll of fear {unknown}
 l - a scroll of remove curse {unknown}
Potions
 d - 3 potions of heal wounds {unknown}
 e - a potion of brilliance {unknown}
 g - a potion of invisibility {unknown}
 j - a potion of mutation {unknown}
 m - a potion of flight {unknown}
Comestibles
 f - a ration


   Skills:
 + Level 2.7 Fighting
 + Level 3.2 Staves
 - Level 1.7 Throwing
 + Level 3.2 Dodging
 + Level 1.5 Stealth


You had 2 spell levels left.
You didn't know any spells.
Your spell library was empty.

Dungeon Overview and Level Annotations

Branches:
Dungeon (2/15)

Altars:


Innate Abilities, Weirdness & Mutations

You have a pair of small horns on your head.
You sometimes gain a little power by taking damage.


Message History

The gnoll shouts!
You sock the gnoll!
The gnoll is heavily wounded.
The gnoll hits you with a flail.
You hit the gnoll.
The gnoll is almost dead.
The gnoll hits you with a flail!
You barely miss the gnoll.
The gnoll is almost dead.
The gnoll barely misses you.
You sock the gnoll!
You kill the gnoll!
The gnoll misses you.
You completely miss the gnoll. The gnoll hits you but does no damage.
You barely miss the gnoll. Your headbutt misses the gnoll.
The gnoll hits you with a flail of protection!
* * * LOW HITPOINT WARNING * * *
You closely miss the gnoll.
The gnoll hits you with a flail of protection!
You die...

#.#######.############..#
#g#.....#.#.............#
#.#.###.#.#.###########.##
#.g...#.#.#.# #...###
###.#.#.#.#.# #......
#.g..)#.#.# #...###
###.###>#.# ##### #g#
#.#.# #.# #.#@# #g# #.#g#
#.# #.#g# #g# #...#
#.####..# #...##..#
###.##..# #g##..# #)##..#
#


You could see 2 gnolls.

Vanquished Creatures
  2 gnolls (D:2)
  2 oozes (D:1)
  2 dart slugs (D:1)
  2 leopard geckos
  2 goblins
  6 hobgoblins
  2 jackals (D:1)
  2 quokkas (D:2)
  3 bats (D:1)
  2 frilled lizards (D:1)
  5 kobolds
  2 rats (D:2)
32 creatures vanquished.

Notes
Turn   | Place    | Note
-------+----------+-------------------------------------------
     0 | D:1      | corax the Demonspawn Gladiator began the quest for the Orb.
     0 | D:1      | Reached XP level 1. HP: 16/16 MP: 1/1
   127 | D:1      | Gained mutation: You sometimes gain a little power by
                  | taking damage. [demonic ancestry]
   127 | D:1      | Reached XP level 2. HP: 10/22 MP: 2/2
   223 | D:1      | Reached skill level 1 in Stealth
   412 | D:1      | Gained mutation: You have a pair of small horns on your
                  | head. [demonic ancestry]
   412 | D:1      | Reached XP level 3. HP: 18/28 MP: 3/3
  1010 | D:2      | Slain by a gnoll

Vault maps used:
D:1:      minmay_arrival_nine_rooms

Skill      XL: |  1  2 |
---------------+-------+-----
Stealth        | 1 |  1.5
Staves         | 3 |  3.2
Dodging        | 3 |  3.2
Fighting       | |  2.7
Throwing       | |  1.7

Action                   || total
-------------------------++-------
Melee: Quarterstaff      ||    94
       Headbutt          ||     6
 Stab: Sleeping          ||     1
Armor: Leather armour    ||    17
Dodge: Dodged            ||    67

Table legend:
 A = Non-vault XP
 B = Vault XP
 C = Vault XP percentage of total XP
 D = Non-vault monster count
 E = Vault monster count
 F = Vault count percentage of total count
                 A         B        C        D         E       F
            +---------+---------+-------+---------+---------+-------
      Total |      95 |       0 |   0.0 |      32 |       0 |   0.0
            +---------+---------+-------+---------+---------+-------
        D:1 |      49 |       0 |   0.0 |      21 |       0 |   0.0
        D:2 |      46 |       0 |   0.0 |      11 |       0 |   0.0
            +---------+---------+-------+---------+---------+-------
